AoeStats
← Alan

Arabia

510364912Analyzed
2v2 RM · 1d ago on Sep 30, 2026· 21m 42s· 4 players
Game mode
Random Map
Map size
Medium (4 player)
Population
200
Speed
Normal
Resources
Standard
Victory
Conquest
Starting age
Dark Age
Ending age
Imperial Age
RankedLock teamsTeams togetherTeam positionsShared explorationLock speedFull tech treeHidden civsTurbo modeCheats
Victory
Defeat
🇺🇸 Varangians · United States
1104
+16
🇲🇽 Maya · Mexico
1027
+20
🇬🇧 Cumans · United Kingdom
1110
-18
🇩🇪 Mapuche · Germany
1106
-18
^1Hellraiser ^2Ma^7Ca^1Na
1:00 Loom
12:58 Feudal Age
13:06 Man-at-Arms
14:25 Arson
19:22 Forging
19:13 Scale Mail Armor
Quilted Codpiece
8:40 Loom
11:16 Feudal Age
15:48 Castle Age
14:12 Double-Bit Axe
16:58 Wheelbarrow
16:23 Arson
19:33 Squires
19:26 Horse Collar
Alan
7:17 Loom
7:26 Loom
10:36 Feudal Age
11:45 Double-Bit Axe
17:16 Bloodlines
18:55 Man-at-Arms
19:39 Scale Mail Armor
19:35 Horse Collar
19:45 Arson
23:07 Castle Age
Salsa
7:28 Loom
10:28 Feudal Age
11:41 Horse Collar
11:48 Double-Bit Axe
11:42 Champi Runner
Connection lost

Rejoining the realm…

Still unreachable

The connection could not be restored.

Session expired

The server has moved on; the page needs a fresh start.